 Dungeon Crawl Stone Soup version 0.29-a0-997-gf6f7e2dfe7 (webtiles) character file.

Game seed: 14668909607679776674

125 frimble the Digger (level 4, -1/30 HPs)
             Began as a Demonspawn Earth Elementalist on Aug 5, 2022.
             Slain by an orc
             ... wielding a +0 trident
              (2 damage)
             ... on level 4 of the Dungeon.
             The game lasted 00:02:27 (2126 turns).

frimble the Digger (Demonspawn Earth Elementalist)  Turns: 2126, Time: 00:02:27

Health: -1/30      AC:  3    Str: 10    XL:     4   Next: 82%
Magic:  6/7        EV: 12    Int: 16    God:
Gold:   112        SH:  0    Dex: 14    Spells: 6/7 levels left

rFire   . . .      SeeInvis .     - Unarmed
rCold   . . .      Faith    .   (no shield)
rNeg    . . .      Spirit   .   a - +0 robe
rPois   .          Reflect  .   (no helmet)
rElec   .          Harm     .   (no cloak)
rCorr   .          Rampage  .   (no gloves)
Will    .....                   k - +0 pair of boots
Stlth   ++........              (no amulet)
HPRegen 0.10/turn               (no ring)
MPRegen 0.10/turn               (no ring)

@: very slightly contaminated
A: claws 1, foul stench 1
a: no special abilities


You were on level 4 of the Dungeon.
You visited 1 branch of the dungeon, and saw 4 of its levels.

You collected 112 gold pieces.

Inventory:

Hand Weapons
 h - a +3 sling of flaming
Missiles
 e - 2 throwing nets
Armour
 a - a +0 robe (worn)
 k - a +0 pair of boots (worn)
Jewellery
 j - a ring of protection from cold
 l - a +4 ring of protection
Scrolls
 c - a scroll of immolation {unknown}
 g - 2 scrolls of fog
Potions
 b - 2 potions of attraction {unknown}
 f - a potion of might {unknown}
 i - a potion of heal wounds {unknown}


   Skills:
 - Level 1.8 Dodging
 - Level 1.8 Stealth
 + Level 1.9 Unarmed Combat
 - Level 2.0 Spellcasting
 + Level 2.5 Transmutations
 + Level 3.6 Earth Magic


You had 6 spell levels left.
You knew the following spells:

 Your Spells              Type           Power      Damage    Failure   Level
a - Sandblast             Erth           26%        2d8       4%          1

Your spell library contained the following spells:

 Spells                   Type           Power      Damage    Failure   Level
 Passwall                 Tmut/Erth      9%         N/A       9%          2
 Stone Arrow              Conj/Erth      14%        3d7       28%         3
 Petrify                  Tmut/Erth      11%        N/A       50%         4


Dungeon Overview and Level Annotations

Branches:
Dungeon (4/15)
 Temple: D:4-7

Altars:
Ashenzari
Hepliaklqana
Okawaru
Ru


Innate Abilities, Weirdness & Mutations

You have sharp fingernails.
You may rarely emit foul miasma when damaged in melee.


Message History

Aim: an orc priest, wielding a +0 flail (82% to hit)
The blast of sand hits the hound.
The hound is almost dead.
The hound bites you.
The orc hits you from afar with a +0 trident.
The hound bites you.
You emit a cloud of foul miasma!
The hound is engulfed in dark miasma.
The hound is poisoned.
You kill the hound!
The orc hits you from afar with a +0 trident.
Aiming: Sandblast (safe; 4% risk of failure)
Press: ? - help, Q - select action, (/) - cycle Shift-Dir - straight line, f/p - orc priest
Aim: an orc priest, wielding a +0 flail (82% to hit)
The blast of sand hits the orc priest.
The orc priest is lightly wounded.
The orc priest calls down the wrath of Beogh upon you.
Beogh smites you!
* * * LOW HITPOINT WARNING * * *
Aiming: Sandblast (safe; 4% risk of failure)
Press: ? - help, Q - select action, (/) - cycle Shift-Dir - straight line, f/p - orc priest
Aim: an orc priest, wielding a +0 flail (lightly wounded, 82% to hit)
The blast of sand hits the orc priest!
The orc priest is heavily wounded.
Aiming: Sandblast (safe; 4% risk of failure)
Press: ? - help, Q - select action, (/) - cycle Shift-Dir - straight line, f/p - orc priest
Aim: an orc priest, wielding a +0 flail (heavily wounded, 82% to hit)
The blast of sand hits the orc priest!
You kill the orc priest!
The orc hits you but does no damage.
A kobold comes into view. It is wielding a +0 short sword.
Magic courses through your body.
The orc hits you from afar with a +0 trident!
* * * LOW HITPOINT WARNING * * *
Aiming: Sandblast (safe; 4% risk of failure)
Press: ? - help, Q - select action, (/) - cycle Shift-Dir - straight line, f - orc
Aim: an orc, wielding a +0 trident (82% to hit)
You miscast Sandblast.
You are very lightly contaminated with residual magic.
Nothing appears to happen.
The orc hits you from afar with a +0 trident.
You die...

.# #...# ..
#...# #. #...#
#. #...# #K
'h..+ #. #...#
#.## ##.o.#
#.@## #....#
##..######.####
##.o...)).#
######)### #..#
##.## #..# ##.#
#.##


You could see an orc and a kobold (asleep).

Vanquished Creatures
  An orc priest (D:4)
  A hound (D:4)
  An adder (D:2)
  3 adder skeletons (D:2)
  An adder zombie (D:2)
  A dart slug (D:2)
  2 orcs (D:4)
  An endoplasm (D:1)
  A giant cockroach (D:2)
  3 goblins
  2 hobgoblins (D:2)
  3 jackals (D:1)
  5 kobolds
  2 quokkas
  4 ball pythons (D:2)
  A ball python skeleton (D:2)
  2 ball python zombies (D:2)
  3 bats
  A frilled lizard (D:2)
  A jackal zombie (D:2)
  6 rats
45 creatures vanquished.

Vanquished Creatures (others)
  2 withered plants (D:2)
2 creatures vanquished.

Grand Total: 47 creatures vanquished

Notes
Turn   | Place    | Note
-------+----------+-------------------------------------------
     0 | D:1      | frimble the Demonspawn Earth Elementalist began the quest
                  | for the Orb.
     0 | D:1      | Reached XP level 1. HP: 13/13 MP: 3/3
    45 | D:1      | Reached skill level 1 in Transmutations
   222 | D:1      | Found a faded altar of an unknown god.
   382 | D:1      | Gained mutation: You have sharp fingernails. [demonic
                  | ancestry]
   382 | D:1      | Reached XP level 2. HP: 19/19 MP: 3/5
   605 | D:1      | Reached skill level 3 in Earth Magic
   917 | D:2      | Reached XP level 3. HP: 21/24 MP: 3/6
  1045 | D:2      | Reached skill level 1 in Unarmed Combat
  1726 | D:3      | Found a hazy altar of Hepliaklqana.
  1805 | D:3      | Found a broken altar of Ashenzari.
  1805 | D:3      | Found a sacrificial altar of Ru.
  2013 | D:3      | You fall into a shaft and drop 1 floor!
  2013 | D:4      | Found an iron altar of Okawaru.
  2115 | D:4      | Gained mutation: You may rarely emit foul miasma when
                  | damaged in melee. [demonic ancestry]
  2115 | D:4      | Reached XP level 4. HP: 28/30 MP: 4/7
  2125 | D:4      | HP: 1/30 [orc/+0 trident (7)]
  2126 | D:4      | Slain by an orc

Illustrated notes

Levels and vault maps discovered:
D:1:      zaba_arrival_water, layout_basic, hellmonk_ecumenical_altar_lost_god
D:2:      layout_loops_ring, serial_undead, serial_undead_b, serial_undead_f,
          serial_undead_d, serial_undead_c, serial_undead_b, serial_undead_b,
          serial_undead_f, basic_altar
D:3:      layout_basic, nicolae_overflow_crystal_walls,
          mainiacjoe_overflow_24_doors, chequers_temple_overflow_minitemple,
          nicolae_overflow_squiral, minmay_misc_feat_rugged
D:4:      kennysheep_six_static_rooms, layout_basic,
          nicolae_overflow_hidden_temple, minmay_temple_entry_sparse_star

Skill      XL: |  1  2  3 |
---------------+----------+-----
Transmutations | 1 2 |  2.5
Earth Magic    | 3 |  3.6
Unarmed Combat | 1 |  1.9
Dodging        | |  1.8
Stealth        | |  1.8
Spellcasting   | |  2.0

Action                   |  1- 3 |  4- 6 || total
-------------------------+-------+-------++-------
Melee: Unarmed           |    15 |       ||    15
 Fire: Sling             |    13 |       ||    13
 Cast: Sandblast         |    56 |     5 ||    61
  Use: Potion            |     1 |     1 ||     2
       Scroll            |     4 |       ||     4
 Stab: Sleeping          |     1 |       ||     1
Armor: Robe              |     8 |     1 ||     9
Dodge: Dodged            |    44 |     6 ||    50

Table legend: (Time is in decaauts)
 A = Elapsed time spent in this place.
 B = Non-inter-level travel time spent in this place.
 C = Inter-level travel time spent in this place.
 D = Time resting spent in this place.
 E = Time spent auto-exploring this place.
 F = Levels seen in this place.
 G = Mean time per level.
                   A        B        C        D        E       F      G
               +--------+--------+--------+--------+--------+-----+--------+
         Total |   2197 |   2142 |     55 |      0 |   1789 |   4 |  549.2 |
       Dungeon |   2197 |   2142 |     55 |      0 |   1789 |   4 |  549.2 |
               +--------+--------+--------+--------+--------+-----+--------+

Top non-repeatable levels by time:
     D:2: 954 daAuts
     D:1: 806 daAuts
     D:3: 314 daAuts
     D:4: 121 daAuts
